 Dungeon Crawl Stone Soup version 0.17-a0-1850-g688e747 (webtiles) character file.

399 Enish the Gusty (level 6, 0/36 HPs)
             Began as a High Elf Air Elementalist on Sept 19, 2015.
             Killed by divine providence
             ... invoked by an orc priest
              (15 damage)
             ... on level 5 of the Dungeon.
             The game lasted 00:20:27 (4474 turns).

Enish the Gusty (High Elf Air Elementalist)         Turns: 4474, Time: 00:20:27

Health: 0/36       AC: 11    Str:  7    XL:     6   Next: 54%
Magic:  11/13      EV: 13    Int: 21    God:
Gold:   96         SH:  0    Dex: 20    Spells: 5 memorised, 1 level left

rFire  . . .     SeeInvis .     A - +3 hand axe of Propriety {flame, Dex+4}
rCold  . . .     Clarity  .     a - +0 robe
rNeg   . . .     SustAt   .     (no shield)
rPois  .         Gourm    .     n - +2 helmet
rElec  .         Spirit   .     (no cloak)
rCorr  .         Warding  .     (no gloves)
rMut   .         Stasis   .     (no boots)
MR     .....                    (no amulet)
Stlth  ++........               g - +3 ring of protection
                                j - +3 ring of protection

@: swift (expiring), repel missiles, very quick, not resistant to hostile
enchantments, unstealthy
A: no striking features
a: no special abilities


You were on level 5 of the Dungeon.
You were not hungry.

You visited 1 branch of the dungeon, and saw 6 of its levels.

You collected 222 gold pieces.
You spent 126 gold pieces at shops.

Inventory:

Hand weapons
 A - the +3 hand axe of Propriety (weapon) {flame, Dex+4}
   (You found it on level 4 of the Dungeon)

   It has been specially enchanted to burn those struck by it, causing extra
   injury to most foes and up to half again as much damage against particularly
   susceptible opponents.
   Big, fiery blades are also staple armaments of hydra-hunters.
   It affects your dexterity (+4).
Missiles
 e - 4 javelins (quivered)
 l - 13 arrows
Armour
 a - a +0 robe (worn)
 n - a +2 helmet (worn)
Jewellery
 g - a +3 ring of protection (right hand)
 j - a +3 ring of protection (left hand)
 k - an uncursed ring of teleportation
 u - an uncursed ring of positive energy
 w - an uncursed ring of flight
Magical devices
 t - a wand of disintegration (5)
Scrolls
 f - a scroll of enchant weapon
 o - a scroll of amnesia
 s - a scroll of remove curse
 x - a scroll of teleportation
 z - a scroll of fog
Potions
 d - 2 potions of might
 i - a potion of invisibility
 m - a potion of flight
 p - a potion of agility
Books
 b - a book of Air

   Spells                             Type                      Level
   a - Shock                          Conjuration/Air              1
   b - Swiftness                      Charms/Air                   2
   c - Repel Missiles                 Charms/Air                   2
   d - Static Discharge               Conjuration/Air              3
   e - Lightning Bolt                 Conjuration/Air              5
 h - a Grand Grimoire

   Spells                             Type                      Level
   a - Monstrous Menagerie            Summoning                    6
   b - Summon Greater Demon           Summoning                    7
   c - Malign Gateway                 Summoning/Translocation      7
   d - Summon Horrible Things         Summoning                    8
Comestibles
 c - 5 bread rations
 r - 4 meat rations


   Skills:
 - Level 2.1 Dodging
 - Level 2.1 Stealth
 + Level 4.6 Spellcasting
 * Level 4.5 Conjurations
 * Level 5.9 Air Magic


You had one spell level left.
You knew the following spells:

 Your Spells              Type           Power        Failure   Level  Hunger
a - Shock                 Conj/Air       ####         1%          1    None
b - Static Discharge      Conj/Air       ####....     4%          3    ##.....
c - Lightning Bolt        Conj/Air       ####......   41%         5    ######.
q - Swiftness             Chrm/Air       ###.....     6%          2    #......
w - Repel Missiles        Chrm/Air       ###...       6%          2    #......


Dungeon Overview and Level Annotations

Branches:
Dungeon (6/15)             Temple (0/1) D:4

Altars:
Ashenzari
Dithmenos
Xom
The Shining One

Shops:
D:4 *   D:5 (


Message History

Confirm with . or Enter, or press ? or * to list all spells.
You feel quick.
The orc wizard shouts!
The orc priest shouts!
The giant newt bites you but does no damage.
The orc closely misses you. The worm bites you.
The orc priest looks braver for a moment.
The giant newt misses you.
The orc priest casts a cantrip, but nothing happens.
The orc wizard hits you but does no damage.
Found Game's Weapon Boutique.
The orc wizard gestures wildly while chanting.
The orc wizard flickers and vanishes!
The orc priest miscasts a cantrip.
The orc priest invokes the aid of Beogh against you.
You struggle to resist.
You open the door.
You start to feel a little slower.
The orc priest calls down the wrath of Beogh upon you.
Something smites you!
You die...

.l.........#
#########.......#
#........##
#.........#+#####
#...(....# +.........#
#........## #.....$..$#
#.........# #.........+
#.........# #.........#
#........$# #..ow.....#
#.(.......#####..o......#
..>........$...'@.l.o....#
#...........####....o....+
....##...o..# #......=..#
#... #......# #####[....#
#..$ #......# #.....#
#.⌠.⌠.# ..∩..# .⌠.


You could see a worm, 2 orc priests, an orc wizard, an orc and a giant newt.

Vanquished Creatures
  An ogre (D:4)
  Blork the orc (D:5)
  A worker ant (D:4)
  2 orc wizards (D:4)
  5 adders
  2 shadow imps (D:5)
  3 oozes
  2 worms
  2 giant geckos
  5 orcs
  8 bats
  A giant cockroach (D:1)
  4 hobgoblins
  9 jackals
  2 quokkas (D:4)
  A ball python (D:1)
  A ball python skeleton (D:4)
  A giant cockroach zombie (D:5)
  2 giant newts
  9 goblins
  8 kobolds
  12 rats
82 creatures vanquished.

Notes
Turn   | Place    | Note
--------------------------------------------------------------
     0 | D:1      | Enish the High Elf Air Elementalist began the quest for the Orb.
     0 | D:1      | Reached XP level 1. HP: 11/11 MP: 4/4
   242 | D:1      | Reached XP level 2. HP: 10/17 MP: 4/6
   498 | D:1      | Reached skill level 4 in Air Magic
   624 | D:1      | Reached XP level 3. HP: 21/21 MP: 3/8
  1011 | D:1      | Learned a level 2 spell: Repel Missiles
  1014 | D:1      | Learned a level 2 spell: Swiftness
  1018 | D:1      | Learned a level 3 spell: Static Discharge
  1589 | D:2      | Found a shadowy altar of Dithmenos.
  1656 | D:2      | Reached XP level 4. HP: 27/27 MP: 5/10
  2412 | D:3      | Found a glowing golden altar of the Shining One.
  2802 | D:4      | Noticed an ogre
  2853 | D:4      | Reached skill level 5 in Air Magic
  2853 | D:4      | Reached XP level 5. HP: 31/31 MP: 6/12
  2932 | D:4      | Killed an ogre
  2974 | D:4      | Found Feipte's Assorted Antiques.
  2977 | D:4      | Found a staircase to the Ecumenical Temple.
  3014 | D:4      | Found a shattered altar of Ashenzari.
  3042 | D:4      | Reached XP level 6. HP: 19/36 MP: 2/13
  3063 | D:5      | Entered Level 5 of the Dungeon
  3239 | D:4      | Got a scorched scale mail
  3240 | D:4      | Identified the cursed +1 scale mail "Amiop" {+Blink rF- rC- Dex+4} (You found it on level 4 of the Dungeon)
  3248 | D:4      | Bought a shiny helmet for 126 gold pieces
  3576 | D:4      | Got a blackened hand axe
  3580 | D:4      | Identified the cursed +3 hand axe of Propriety {flame, Dex+4} (You found it on level 4 of the Dungeon)
  4211 | D:5      | Noticed Blork the orc
  4219 | D:5      | Learned a level 2 spell: Swiftness
  4229 | D:5      | Killed Blork the orc
  4276 | D:5      | Learned a level 5 spell: Lightning Bolt
  4285 | D:5      | You fall through a shaft!
  4376 | D:6      | Found a shimmering altar of Xom.
  4470 | D:5      | Found Game's Weapon Boutique.
  4474 | D:5      | Killed from afar by an orc priest

Vault maps used:
D:1:      erik_arrival_gehennom, serial_forest, infiniplex_forest_clump_medium,
          infiniplex_forest_lined_3, infiniplex_forest_end_3,
          infiniplex_forest_clump_curved, infiniplex_forest_zigzag_2,
          infiniplex_forest_straight_2
D:2:      nicolae_dithmenos_shadow_blocks, serial_bayou_pond_b
D:3:      tso_metal_star, bh_walls_and_bars
D:4:      cheibrodos_ashenzari_chains, minmay_temple_entry_from_below_a,
          serial_shops, shop, grunt_decor_one_mirror
D:5:      gammafunk_temple_overflow_statue, old_standard_altar,
          kennysheep_little_box, serial_shops, shop_fountains, first_bread,
          uniq_crazy_yiuf_cottage, uniq_blork_the_orc
D:6:      grunt_temple_overflow_bloody_war, vehumet_crystals,
          overflow_temple_1_default, basic_altar

Action                   |  1- 3 |  4- 6 || total
-------------------------+-------+-------++-------
Melee: Unarmed           |     9 |       ||     9
       Hand axe          |       |     1 ||     1
Throw: Javelin           |       |     6 ||     6
 Cast: Shock             |    67 |   100 ||   167
       Static Discharge  |     2 |     2 ||     4
       Repel Missiles    |     1 |       ||     1
       Swiftness         |       |     1 ||     1
 Abil: Evoke Flight      |       |     1 ||     1
  Use: Scroll            |     2 |    14 ||    16
       Potion            |       |     7 ||     7
  Eat: Chunk             |     2 |     6 ||     8
       Fruit             |       |     4 ||     4
